 Dungeon Crawl Stone Soup version 0.22.1-2-g9c5b331 (webtiles) character file.

24768 delarado the Arsonist (level 12, -1/73 HPs)
             Began as a Deep Elf Fire Elementalist on Dec 13, 2018.
             Was an Elder of Vehumet.
             Slain by a meliai
             ... wielding a +3 hand axe
              (14 damage)
             ... on level 4 of the Lair of Beasts.
             The game lasted 01:17:02 (19943 turns).

delarado the Arsonist (Deep Elf Fire Elementalist) Turns: 19943, Time: 01:17:03

Health: -1/73      AC:  7    Str:  8    XL:     12   Next: 83%
Magic:  0/30       EV: 19    Int: 26    God:    Vehumet [****..]
Gold:   1177       SH:  0    Dex: 21    Spells: 15/35 levels left

rFire    . . .     SeeInvis .   f - +4 trident of Igoph {drain, rC+ Dex+4}
rCold    + + .     Gourm    .   (no shield)
rNeg     . . .     Faith    .   a - +0 robe
rPois    .         Spirit   .   (no helmet)
rElec    .         Reflect  .   O - +0 cloak
rCorr    .         Harm     +   P - +1 pair of gloves {Str+3}
MR       +....                  E - +1 pair of boots
Stlth    ++........             p - amulet of harm
HPRegen  0.22/turn              n - ring of protection from cold
MPRegen  0.22/turn              s - +1 ring of evasion

@: very slightly contaminated
A: agile 1, blink, blurry vision 1, robust 1
a: Blink, Renounce Religion


You were on level 4 of the Lair of Beasts.
You worshipped Vehumet.
Vehumet was greatly pleased with you.
You were hungry.

You visited 4 branches of the dungeon, and saw 16 of its levels.

You collected 1177 gold pieces.

Inventory:

Hand Weapons
 d - a +0 club
 f - the +4 trident of Igoph (weapon) {drain, rC+ Dex+4}
   (You found it on level 6 of the Dungeon)

   A truly terrible weapon, it drains the life of those it strikes.
   It affects your dexterity (+4).
   It protects you from cold.
 h - a +0 dagger
 t - a +3 morningstar of venom
 x - a +2 vampiric falchion
Missiles
 k - 216 sling bullets
 m - 517 stones (quivered)
 o - 27 poisoned needles
 Q - 3 curare-tipped needles
Armour
 a - a +0 robe (worn)
 E - a +1 pair of boots (worn)
 I - a +0 pair of gloves
 O - a +0 cloak (worn)
 P - a +1 pair of gloves of strength (worn)
Magical Staves
 A - an uncursed staff of summoning
Jewellery
 n - a ring of protection from cold (left hand)
 p - an amulet of harm (around neck)
 s - a +1 ring of evasion (right hand)
Wands
 w - a wand of random effects (60)
 z - a wand of scattershot (3)
 F - a wand of polymorph (9)
 G - a wand of acid (16)
 J - a wand of flame (28)
 N - a wand of iceblast (6)
 R - a wand of digging (14)
Scrolls
 b - a scroll of amnesia
 e - 4 scrolls of magic mapping
 g - 3 scrolls of enchant armour
 l - 7 scrolls of remove curse
 r - 3 scrolls of teleportation
 v - 4 scrolls of enchant weapon
 y - a scroll of acquirement {unknown}
 C - a scroll of fog
 T - a scroll of immolation {unknown}
Potions
 i - a potion of flight
 j - a potion of mutation
 q - a potion of heal wounds {unknown}
 u - 3 potions of haste
 B - 2 potions of agility
 D - 4 potions of curing
 H - a potion of magic
 K - a potion of might
 L - a potion of lignification
 M - a potion of ambrosia
 S - a potion of invisibility
Comestibles
 c - 9 rations


   Skills:
 + Level 4.3 Fighting
 + Level 7.0 Dodging
 - Level 2.4 Stealth
 + Level 12.0 Spellcasting
 - Level 12.8 Conjurations
 - Level 5.1 Hexes
 + Level 14.0 Fire Magic
 - Level 2.2 Air Magic
 - Level 2.0 Poison Magic


You had 15 spell levels left.
You knew the following spells:

 Your Spells              Type           Power        Failure   Level  Hunger
a - Flame Tongue          Conj/Fire      #####        0%          1    None
b - Conjure Flame         Conj/Fire      ######..     1%          3    None
c - Sticky Flame          Conj/Fire      ######..     1%          4    None
d - Fireball              Conj/Fire      ######....   1%          5    ###....
e - Mephitic Cloud        Conj/Pois/Air  #####...     1%          3    None
f - Cause Fear            Hex            #####.....   4%          4    None

Your spell library contained the following spells:

 Spells                   Type           Power        Failure   Level  Hunger
 Ignite Poison            Fire/Tmut/Pois #####...     1%          3    None
 Throw Flame              Conj/Fire      ######       0%          2    None
 Corona                   Hex            #####..      1%          1    None
 Sandblast                Erth           ###...       1%          1    None
 Ensorcelled Hibernation  Hex/Ice        ####..       1%          2    None
 Slow                     Hex            #####...     1%          2    None
 Confuse                  Hex            #####...     1%          3    None
 Dazzling Spray           Conj/Hex       ######       1%          3    None
 Inner Flame              Hex/Fire       ######..     1%          3    None
 Stone Arrow              Conj/Erth      #####.       1%          3    None
 Tukima's Dance           Hex            #####...     1%          3    None
 Bolt of Draining         Conj/Necr      #####.....   2%          5    ###....
 Animate Skeleton         Necr           N/A          3%          1    None
 Pain                     Necr           ###.         3%          1    None
 Portal Projectile        Hex/Tloc       ####..       4%          3    None
 Corpse Rot               Necr           N/A          5%          2    None
 Passwall                 Tmut/Erth      ###.....     5%          2    None
 Sublimation of Blood     Necr           ###.......   5%          2    None
 Regeneration             Chrm/Necr      ###.......   11%         3    None
 Vampiric Draining        Necr           ###.......   11%         3    None
 Leda's Liquefaction      Hex/Erth       ####......   13%         4    None
 Lee's Rapid Deconstruct  Erth           ###.......   26%         5    ###....
 Animate Dead             Necr           N/A          36%         4    None
 Petrify                  Tmut/Erth      ###.....     36%         4    None
 Agony                    Necr           ###.....     71%         5    ###....
 Dispel Undead            Necr           ###.....     71%         5    ###....
 Excruciating Wounds      Chrm/Necr      ###.......   71%         5    ###....


Dungeon Overview and Level Annotations

Branches:
Dungeon (10/15)            Temple (1/1) D:5            Lair (4/6) D:9
 Shoals (0/4) Lair:3        Snake (0/4) Lair:2          Orc (1/2) D:9

Altars:
Ashenzari
Cheibriados
Dithmenos
Elyvilon
Fedhas
Gozag
Hepliaklqana
Kikubaaqudgha
Makhleb
Nemelex Xobeh
Okawaru
Qazlal
Ru
Sif Muna
Trog
Uskayaw
Vehumet
Wu Jian
Xom
Yredelemnul
Zin
The Shining One

Shops:
Orc:1 *

Annotations:
D:5 1 runed door, dscm's ghost, novice OpEE
D:7 exclusion: ice statue
Lair:1 exclusion: fire bat
Lair:2 1 runed door, Xaitooz's ghost, journeyman GrFi


Innate Abilities, Weirdness & Mutations

You are agile. (Dex +2)
You can translocate small distances at will.
Scrolls take you a little longer to read.
You are robust. (+10% HP)


Message History

The killer bee stings you.
* * * LOW HITPOINT WARNING * * *
The killer bee completely misses you.
Your surroundings suddenly seem different.
A meliai comes into view. It is wielding an enchanted hand axe.
The meliai buzzes angrily.
The meliai barely misses you.
The meliai stings you but does no damage.
Casting: Cause Fear (safe; 4% risk of failure)
Confirm with . or Enter, or press ? or * to list all spells.
You miscast Cause Fear.
You are very lightly contaminated with residual magic.
Strange energies run through your body.
You feel yourself speed up.
The meliai hits you with an enchanted hand axe.
* * * LOW HITPOINT WARNING * * *
The meliai stings you.
* * * LOW HITPOINT WARNING * * *
The meliai hits you with an enchanted hand axe!
You die...

#### ######## ...##
##..P.PP### ....##
#.#.......## .....####
#.......<..#####
......#.###
##..........#..#
..........#
#.............##
..........###
##@..........##
........P...##
##y.....#..##
........P....###.....##.###
..#.......#........#.####
.##...y..####P...##### ##
####.....#####.....###..##
####......)##............#
.#.#.......##.......##...#
...#..[....##P.....## ..#


You could see a meliai.

Vanquished Creatures
  Fannar (Lair:1)
  Harold (D:9)
  2 hydras
  2 two-headed ogres
  6 death yaks
  An unseen horror (D:9)
  An ugly thing (D:8)
  2 black mambas
  2 spiny frogs
  3 komodo dragons (Lair:1)
  2 rime drakes
  A troll (D:9)
  A meliai (Lair:4)
  A blink frog (Lair:3)
  2 hippogriffs
  19 yaks
  A wraith (D:10)
  3 wyverns
  Eustachio (D:6)
  A human (D:7)
  4 hogs (D:7)
  2 steam dragons
  2 hungry ghosts
  A warg (Orc:1)
  2 nagas (Lair:2)
  5 porcupines
  8 water moccasins
  6 orc warriors
  3 ice beasts
  A sky beast (D:7)
  2 black bears
  5 ogres
  An eye of draining (D:10)
  4 wolves (Lair:3)
  8 centaurs
  9 crocodiles
  A big kobold (D:6)
  11 bullfrogs
  5 scorpions
  15 killer bees
  6 wights
  3 crimson imps
  4 hounds
  2 jellies
  5 orc priests
  A bullfrog skeleton (D:9)
  13 orc wizards
  5 iguanas
  4 worker ants
  A hound skeleton (D:6)
  11 adders
  8 gnolls
  A shadow imp (D:10)
  2 oozes
  4 worms
  4 leopard geckos
  70 orcs
  3 ball pythons
  3 bats
  5 giant cockroaches
  3 goblins
  8 hobgoblins
  6 quokkas
  3 frilled lizards
  11 kobolds
  2 quokka zombies
  5 rats
  A fungus (Lair:1)
342 creatures vanquished.

Vanquished Creatures (others)
  3 fungi
  6 plants (Lair:2)
9 creatures vanquished.

Grand Total: 351 creatures vanquished

Notes
Turn   | Place    | Note
-------+----------+-------------------------------------------
     0 | D:1      | delarado the Deep Elf Fire Elementalist began the quest for
                  | the Orb.
     0 | D:1      | Reached XP level 1. HP: 10/10 MP: 6/6
   424 | D:1      | Reached XP level 2. HP: 15/15 MP: 5/8
  1064 | D:2      | Reached skill level 4 in Fire Magic
  1123 | D:2      | Reached XP level 3. HP: 19/19 MP: 7/9
  1733 | D:2      | Reached XP level 4. HP: 24/24 MP: 6/10
  1785 | D:2      | Learned a level 3 spell: Conjure Flame
  1940 | D:2      | Found a snail-covered altar of Cheibriados.
  1944 | D:2      | Found a hazy altar of Hepliaklqana.
  1945 | D:2      | Found a blossoming altar of Fedhas.
  2218 | D:3      | Found an iron altar of Okawaru.
  2403 | D:3      | Learned a level 4 spell: Sticky Flame
  2452 | D:2      | Gained mutation: Scrolls take you a little longer to read.
                  | [potion of mutation]
  2452 | D:2      | Gained mutation: You are agile. (Dex +2) [potion of
                  | mutation]
  2452 | D:2      | Gained mutation: You can translocate small distances at
                  | will. [potion of mutation]
  2452 | D:2      | Gained mutation: You are robust. (+10% HP) [potion of
                  | mutation]
  2530 | D:3      | Reached skill level 5 in Fire Magic
  2865 | D:3      | Reached XP level 5. HP: 30/30 MP: 7/11
  3760 | D:4      | Reached XP level 6. HP: 20/35 MP: 7/12
  3999 | D:4      | Reached skill level 5 in Conjurations
  3999 | D:4      | Reached skill level 6 in Fire Magic
  4204 | D:5      | Entered Level 5 of the Dungeon
  4254 | D:5      | Found a staircase to the Ecumenical Temple.
  4265 | Temple   | Entered the Ecumenical Temple
  4384 | Temple   | Became a worshipper of Vehumet
  4746 | D:5      | Found a runed door.
  4748 | D:5      | Noticed dscm's ghost (novice OpEE)
  4759 | D:5      | Reached XP level 7. HP: 39/39 MP: 6/13
  5287 | D:6      | Reached skill level 7 in Fire Magic
  5292 | D:6      | Got a translucent trident
  5448 | D:6      | Identified the +4 trident of Igoph {drain, rC+ Dex+4} (You
                  | found it on level 6 of the Dungeon)
  5914 | D:6      | Reached * piety under Vehumet
  5914 | D:6      | Offered knowledge of Shock by Vehumet.
  6106 | D:6      | Reached skill level 8 in Fire Magic
  6106 | D:6      | Reached XP level 8. HP: 33/45 MP: 7/14
  6666 | D:6      | Learned a level 5 spell: Fireball
  6795 | D:6      | Reached skill level 9 in Fire Magic
  6842 | D:6      | Noticed Eustachio
  6853 | D:6      | Killed Eustachio
  7592 | D:7      | Reached XP level 9. HP: 49/49 MP: 4/15
  7953 | D:7      | Noticed an ice statue
  8014 | D:7      | Found a sacrificial altar of Ru.
  8128 | D:7      | Reached skill level 10 in Fire Magic
  8130 | D:7      | Reached ** piety under Vehumet
  8130 | D:7      | Offered knowledge of Magic Dart by Vehumet.
  8142 | D:7      | Reached skill level 10 in Conjurations
  9115 | D:8      | Reached skill level 11 in Fire Magic
  9299 | D:8      | Noticed a red ugly thing
  9318 | D:8      | Killed a purple ugly thing
  9318 | D:8      | Reached skill level 5 in Spellcasting
  9318 | D:8      | Reached XP level 10. HP: 26/55 MP: 11/19
  9671 | D:8      | Offered knowledge of Mephitic Cloud by Vehumet.
  9676 | D:8      | Learned a level 3 spell: Mephitic Cloud
 10237 | D:9      | Reached *** piety under Vehumet
 10479 | D:9      | Noticed Harold
 10568 | D:9      | Killed Harold
 10774 | D:9      | Noticed a death yak
 10897 | D:9      | Noticed a death yak
 10901 | D:9      | Noticed a death yak
 10904 | D:9      | Noticed a death yak
 10918 | D:8      | Killed a death yak
 10918 | D:8      | Reached skill level 12 in Fire Magic
 11049 | D:9      | Offered knowledge of Airstrike by Vehumet.
 11294 | D:9      | Found a staircase to the Lair.
 11570 | D:9      | Killed an unseen horror
 11710 | D:9      | Noticed a death yak
 11713 | D:9      | Killed a death yak
 11713 | D:9      | Reached skill level 1 in Air Magic
 11713 | D:9      | Reached skill level 1 in Poison Magic
 11713 | D:9      | Reached XP level 11. HP: 59/59 MP: 9/25
 11830 | D:9      | Killed a death yak
 11830 | D:9      | Reached **** piety under Vehumet
 11830 | D:9      | Killed a death yak
 11847 | D:9      | Killed a death yak
 12020 | D:9      | Found a staircase to the Orcish Mines.
 12261 | D:9      | Found a deep blue altar of Sif Muna.
 12315 | D:9      | Found an ancient bone altar of Kikubaaqudgha.
 12367 | D:9      | Found a hide-covered altar of Uskayaw.
 12514 | D:9      | Noticed a two-headed ogre
 12517 | D:9      | Killed a two-headed ogre
 12632 | Lair:1   | Entered Level 1 of the Lair of Beasts
 12641 | Lair:1   | Noticed a seven-headed hydra
 12802 | D:10     | Entered Level 10 of the Dungeon
 13081 | D:10     | Noticed a two-headed ogre
 13094 | D:10     | Killed a two-headed ogre
 13094 | D:10     | Reached skill level 10 in Spellcasting
 13094 | D:10     | Reached skill level 13 in Fire Magic
 13222 | D:10     | Offered knowledge of Ignite Poison by Vehumet.
 13847 | Orc:1    | Entered Level 1 of the Orcish Mines
 14086 | Orc:1    | Found Drinesig's Desiderata Depot.
 14435 | Lair:1   | Killed a seven-headed hydra
 14435 | Lair:1   | Reached skill level 1 in Fighting
 14797 | Lair:1   | Noticed Fannar
 14808 | Lair:1   | Killed Fannar
 15083 | Lair:1   | Reached XP level 12. HP: 35/68 MP: 26/28
 16204 | Lair:2   | Found a runed door.
 16213 | Lair:2   | Learned a level 4 spell: Cause Fear
 16214 | Lair:2   | Noticed Xaitooz's ghost (journeyman GrFi)
 16315 | Lair:2   | Reached skill level 1 in Hexes
 16647 | Lair:2   | Reached skill level 5 in Hexes
 16714 | Lair:2   | Reached skill level 5 in Dodging
 16733 | Lair:2   | Found a staircase to the Snake Pit.
 17013 | Lair:2   | You fall through a shaft!
 18150 | Lair:3   | Found a staircase to the Shoals.
 18287 | Lair:3   | Found a basalt altar of Yredelemnul.
 18758 | Lair:3   | Noticed an eight-headed hydra
 19025 | Lair:3   | Noticed a death yak
 19040 | Lair:3   | Killed a death yak
 19043 | Lair:3   | Killed an eight-headed hydra
 19804 | Lair:4   | Reached skill level 14 in Fire Magic
 19943 | Lair:4   | Slain by a meliai

Skill      XL: |  1  2  3  4  5  6  7  8  9 10 11 12 |
---------------+-------------------------------------+-----
Conjurations   | 2 3 4 5 7 9 10 12 | 12.8
Fire Magic     | 4 5 6 8 9 11 12 13 14 | 14.0
Spellcasting   | 5 8 10 12 | 12.0
Air Magic      | 1 2 |  2.2
Poison Magic   | 1 2 |  2.0
Dodging        | 4 7 |  7.0
Fighting       | 2 4 |  4.3
Hexes          | 5 |  5.1
Stealth        | |  2.4

Action                   |  1- 3 |  4- 6 |  7- 9 | 10-12 || total
-------------------------+-------+-------+-------+-------++-------
Melee: Morningstar       |       |    14 |       |       ||    14
       Trident           |       |       |     9 |    19 ||    28
Throw: Stone             |    12 |    71 |    53 |    86 ||   222
 Cast: Flame Tongue      |    61 |   101 |   124 |   281 ||   567
       Sticky Flame      |       |     4 |    27 |    72 ||   103
       Fireball          |       |       |    11 |    78 ||    89
       Mephitic Cloud    |       |       |       |     6 ||     6
       Conjure Flame     |       |       |       |     1 ||     1
       Cause Fear        |       |       |       |     2 ||     2
Evoke: Wand              |       |       |     1 |     3 ||     4
  Use: Scroll            |       |     4 |     7 |    12 ||    23
       Potion            |       |     3 |     5 |     6 ||    14
 Stab: Distracted        |       |       |       |     1 ||     1
  Eat: Chunk             |     1 |     4 |     9 |    15 ||    29
       Ration            |     1 |     1 |     4 |     9 ||    15
Armor: Robe              |     3 |     5 |     8 |    32 ||    48
Dodge: Dodged            |    18 |    34 |    35 |   107 ||   194
